[Event "*** Titled Tuesday 3|2 Blitz"]
[Site "Chess.com"]
[Date "2015.11.03"]
[Round "2"]
[White "simplerXiao"]
[Black "Thomaslegend"]
[Result "1-0"]
[WhiteElo "2355"]
[BlackElo "2142"]
[TimeControl "180+2"]
[EndTime "17:22:45 PST"]
[Termination "simplerXiao won by resignation"]

1. e3 d5 2. b3 Nf6 3. Bb2 g6 4. g3 Bg7 5. Bg2 Nbd7 6. Ne2 e5 7. a3 c6 8. b4 Qe7 9. d3 a5 10. b5 O-O 11. O-O a4 12. c4 Nc5 13. Nbc3 Nb3 14. Rb1 e4 15. cxd5 cxd5 16. Nf4 Be6 17. dxe4 Nxe4 18. Nxe4 Bxb2 19. Rxb2 dxe4 20. Bxe4 Bc4 21. Bd3 Rfd8 22. Qe2 Rxd3 23. Nxd3 Rd8 24. Rd1 Qe4 25. f3 Qe7 26. Qc2 Qxe3+ 27. Nf2 Rc8 28. Qe4 Qc3 29. Rc2 Qxc2 30. Qxc2 Be6 31. Qxc8+ Bxc8 32. Rd6 Kg7 33. Rd8 Be6 34. Rc8 Nd4 35. Rc7 Nxb5 36. Rxb7 Nxa3 37. Ra7 Bb3 38. Nd3 Nc2 39. Nc5 Nd4 40. Kf2 Bd5 41. f4 Bc6 42. Nxa4 Bxa4 43. Rxa4 Nf5 44.
Kf3 h5 45. Ra6 Nh6 46. h3 Ng8 47. g4 hxg4+ 48. hxg4 Ne7 49. Ke4 Ng8 50. g5 Ne7 51. Ke5 Nf5 52. Ra7 Ng3 53. Kd6 Ne2 54. Ra4 Ng3 55.
Ke7 Nf5+ 56. Ke8 Nd6+ 57. Kd7 Nf5 58. Ra6 Kg8 59. Ra7 Kg7 60. Ra5 Ne3 61. Re5 Ng4 62. Re7 Kf8 63. Re8+ Kg7 64. Re7 Kf8 65. Kd8 Nf2 66.
Re2 Nd3 67. Re4 Nc5 68. Rc4 Ne6+ 69. Kd7 Kg7 70. Kd6 Nf8 71. Ke5 Nd7+ 72. Kd6 Nf8 73. Re4 Nh7 74. Ke7 Nf8 75. Ke8 Nh7 76. Re7 Nf6+ 77.
gxf6+ Kxf6 78. Rxf7+ 1-0

[Event "*** Titled Tuesday 3|2 Blitz"]
[Site "Chess.com"]
[Date "2015.11.03"]
[Round "2"]
[White "DanielNaroditsky"]
[Black "DeviatkinAndrey"]
[Result "1/2-1/2"]
[WhiteElo "2551"]
[BlackElo "2466"]
[TimeControl "180+2"]
[EndTime "17:23:26 PST"]
[Termination "Game drawn - insufficient material"]

1. d4 d5 2. c4 c6 3. Nf3 Nf6 4. g3 Bf5 5. Nc3 e6 6. Nh4 Bg4 7. h3 Bh5 8. g4 Nfd7 9. Ng2 Bg6 10. Nf4 Bd6 11. h4 Qc7 12. Nxg6 hxg6 13. e4 dxe4 14.
Nxe4 Bb4+ 15. Nc3 Nf6 16. Bg2 Nbd7 17. a3 Bd6 18. Qf3 e5 19. Be3 exd4 20. Bxd4 Be5 21. O-O-O Bxd4 22. Rxd4 O-O-O 23. g5 Ne5 24. Qh3+ Kb8 25.
Rxd8+ Rxd8 26. gxf6 Nd3+ 27. Kb1 Nxf2 28. Qf3 Nxh1 29. Bxh1 gxf6 30. Qxf6 Rd6 31. Qg5 Qd8 32.
Qf4 Qc7 33. Ka2 a5 34. c5 Rd8 35. Qf6 Rd2 36. Ne4 Rh2 37. Bf3 Rh3 38. Nd6 Qd7 39.
Qh8+ Ka7 40. Nc8+ Ka6 41. Be2+ b5 42. cxb6+ Kb7 43. Qe5 Qxc8 44. Qe7+ Kxb6 45. Qxf7 Qd8 46. Bc4 Qd6 47. Bb3 Rxh4 48. Qf2+ Rd4 49. Qf7 c5 50. Qe8 c4 51. Ba4 c3 52. Qb5+ Kc7 53.
Qxa5+ Kb8 54. Qb5+ Kc7 55. Qa5+ Kb7 56. Qxc3 Rd3 57.
Qc4 Kb6 58. Qb5+ Kc7 59. Qc4+ Kb6 60. Qb5+ Ka7 61. Qa5+ Kb7 62. Qb5+ Kc7 63. Qc4+ Kd8 64. Qg8+ Ke7 65. Bb3 Qf6 66. Bc2 Rd8 67. Qxg6 Qxg6 68. Bxg6 Kd6 69. Bd3 Kc5 70. Bc2 Kb6 71. b4 Rh8 72.
Kb2 Rh4 73. Kc3 Rh3+ 74. Bd3 Rh4 75. a4 Rh5 76. Bc4 Rg5 77. Bd3 Re5 78. Kd4 Rg5 79.
Kc4 Re5 80. Kd4 Rg5 81. Be4 Rh5 82. Bd5 Rh4+ 83. Be4 Rh5 84. Kc4 Rg5 85. Bd5 Rg4+ 86. Kc3 Rg3+ 87. Kb2 Rg5 88. Bc4 Rh5 89. a5+ Rxa5 90.
bxa5+ Kxa5 1/2-1/2

[Event "*** Titled Tuesday 3|2 Blitz"]
[Site "Chess.com"]
[Date "2015.11.03"]
[Round "3"]
[White "fastestmindalive"]
[Black "Tirantes"]
[Result "1-0"]
[WhiteElo "2333"]
[BlackElo "2225"]
[TimeControl "180+2"]
[EndTime "17:27:00 PST"]
[Termination "fastestmindalive won by resignation"]

1. e4 c6 2. d4 d5 3. exd5 cxd5 4. Bd3 Nc6 5. c3 Nf6 6. Bf4 Bg4 7. Qb3 Qc8 8. Nd2 e6 9. Ngf3 Bh5 10. O-O Bg6 11.
Ne1 Bxd3 12. Nxd3 Be7 13. Nf3 O-O 14. Nfe5 a6 15. a3 Nxe5 16. Bxe5 Qc6 17. Bxf6 Bxf6 18.
Rae1 Rfc8 19. f4 g6 20. g4 Bg7 21. Qd1 Re8 22. Qf3 Re7 23. f5 exf5 24. Rxe7 1-0

[Event "*** Titled Tuesday 3|2 Blitz"]
[Site "Chess.com"]
[Date "2015.11.03"]
[Round "3"]
[White "Thomaslegend"]
[Black "GrigorGrigorov"]
[Result "0-1"]
[WhiteElo "2138"]
[BlackElo "2409"]
[TimeControl "180+2"]
[EndTime "17:27:28 PST"]
[Termination "GrigorGrigorov won by resignation"]

1. d4 Nf6 2. c4 e6 3. Nc3 Bb4 4. f3 Nc6 5. e4 d5 6. e5 Ng8 7. Ne2 dxc4 8. a3 Ba5 9. Be3 Nge7 10. Nf4 Nf5 11. Qd2 Nxe3 12. Qxe3 Qxd4 13. Qxd4 Nxd4 14. O-O-O Bxc3 15. bxc3 Nc6 16. Bxc4 Nxe5 17. Bb3 Bd7 18. Rhe1 Ng6 19. Nd3 O-O-O 20. Nc5 Bc6 21. Ba4 Bxa4 22. Nxa4 Nf4 23. Nb2 Rxd1+ 24. Kxd1 Nxg2 0-1

[Event "*** Titled Tuesday 3|2 Blitz"]
[Site "Chess.com"]
[Date "2015.11.03"]
[Round "3"]
[White "Anton_Demchenko"]
[Black "WanderingPuppet"]
[Result "1-0"]
[WhiteElo "2639"]
[BlackElo "2162"]
[TimeControl "180+2"]
[EndTime "17:27:48 PST"]
[Termination "Anton_Demchenko won by resignation"]

1. e4 c5 2. Nf3 d6 3. d4 cxd4 4.
Nxd4 Nf6 5. Nc3 a6 6. h3 e6 7. g4 Be7 8. g5 Nfd7 9. Be3 Nc6 10. h4 Qa5 11. Qd2 Nde5 12. Be2 Bd7 13. Nb3 Qc7 14.
f4 Ng6 15. h5 Nf8 16. O-O-O Rd8 17. Kb1 Bc8 18. Nd4 Nd7 19. g6 Nc5 20. h6 gxh6 21. gxf7+ Kxf7 22. f5 Bg5 23. Bxg5 hxg5 24. Qxg5 Nxd4 25.
Bh5+ Kf8 26. Qf6+ 1-0

[Event "*** Titled Tuesday 3|2 Blitz"]
[Site "Chess.com"]
[Date "2015.11.03"]
[Round "3"]
[White "DanielNaroditsky"]
[Black "simplerXiao"]
[Result "1-0"]
[WhiteElo "2560"]
[BlackElo "2351"]
[TimeControl "180+2"]
[EndTime "17:29:18 PST"]
[Termination "DanielNaroditsky won by resignation"]

1. Nf3 Nf6 2. g3 d5 3. Bg2 Nc6 4. d4 Bg4 5. h3 Bxf3 6. Bxf3 Qd7 7. Bg2 O-O-O 8. Bf4 Nh5 9. Bc1 e5 10. dxe5 Nxe5 11. c3 Bc5 12. Nd2 Rhe8 13. Nb3 Bxf2+ 14. Kxf2 Qf5+ 15. Bf3 Nxf3 16. exf3 d4 17. cxd4 Qg6 18. g4 Qf6 19. gxh5 Qh4+ 20. Kg2 g6 21. h6 Rd5 22.
f4 Re4 23. Qg4+ 1-0

[Event "*** Titled Tuesday 3|2 Blitz"]
[Site "Chess.com"]
[Date "2015.11.03"]
[Round "3"]
[White "bugsbunny444"]
[Black "spirals5"]
[Result "1-0"]
[WhiteElo "2331"]
[BlackElo "2198"]
[TimeControl "180+2"]
[EndTime "17:30:16 PST"]
[Termination "bugsbunny444 won by resignation"]

1. Nf3 d5 2. c4 c6 3. g3 Nf6 4. Bg2 g6 5. Qa4 dxc4 6. Qxc4 Bg7 7. d4 O-O 8. O-O Nbd7 9. Qc2 Nb6 10. e4 h6 11. Rd1 Bg4 12. h3 Be6 13. Nc3 Rc8 14.
a4 a5 15. b3 g5 16. Ne5 Qc7 17. Be3 Rfd8 18. Rac1 Nbd7 19. Nc4 Bxc4 20. bxc4 e6 21. Qb3 b6 22. d5 exd5 23. cxd5 c5 24. d6 Qb8 25. f4 gxf4 26. gxf4 c4 27. Qc2 Nc5 28. e5 Nfd7 29. Qf5 Rf8 30. Nd5 Rce8 31. Ne7+ Kh8 32. Rxc4 Qd8 33. Bxc5 Nxc5 34. Rxc5 bxc5 35.
Be4 1-0

[Event "*** Titled Tuesday 3|2 Blitz"]
[Site "Chess.com"]
[Date "2015.11.03"]
[Round "3"]
[White "Tesla17"]
[Black "Penguininja"]
[Result "0-1"]
[WhiteElo "2206"]
[BlackElo "2156"]
[TimeControl "180+2"]
[EndTime "17:30:33 PST"]
[Termination "Penguininja won by resignation"]

1. d4 d5 2. c4 c6 3. Nf3 Nf6 4. e3 e6 5. Nbd2 Nbd7 6. b3 g6 7. Bb2 Bg7 8. Bd3 O-O 9. O-O b6 10. Ne5 Nxe5 11. dxe5 Nd7 12. f4 Bb7 13. cxd5 cxd5 14.
b4 Qe7 15. Qb3 Rfc8 16. Rac1 Bf8 17. a3 a5 18. Rxc8 Rxc8 19. Bc3 axb4 20. axb4 Qd8 21.
Rc1 Nb8 22. Bb5 Nc6 23. Bxc6 Rxc6 24. b5 Rc7 25. Nf3 d4 26. Nxd4 Bd5 27. Qb2 Qa8 28.
Bd2 Ba3 29. Ra1 Bxb2 30. Rxa8+ Bxa8 0-1

[Event "*** Titled Tuesday 3|2 Blitz"]
[Site "Chess.com"]
[Date "2015.11.03"]
[Round "3"]
[White "LePlusMortel"]
[Black "wanyaland"]
[Result "0-1"]
[WhiteElo "2421"]
[BlackElo "2222"]
[TimeControl "180+2"]
[EndTime "17:30:39 PST"]
[Termination "wanyaland won by resignation"]

1. Nf3 c5 2. g3 Nc6 3. Bg2 g6 4.
O-O Bg7 5. d3 Nf6 6. c3 d5 7.
Qa4 O-O 8. h3 d4 9. cxd4 cxd4 10. b4 Nd5 11. b5 Nb8 12. Bb2 e5 13. Rc1 Nd7 14. Qb3 N7b6 15. a4 Be6 16. Qd1 a5 17. bxa6 Rxa6 18. Nbd2 Qa8 19. Ng5 Bd7 20. Nc4 Bxa4 21. Nxb6 Nxb6 22. Qe1 h6 23. Ne4 Bc6 24. Nc5 Rxa1 25. Rxa1 Qc8 26. Qa5 Bxg2 27. Kxg2 Qc6+ 28. Kh2 Ra8 29. Qxa8+ Nxa8 30. Rxa8+ Kh7 31. Ba3 b6 32. Ne4 Qxa8 0-1

[Event "*** Titled Tuesday 3|2 Blitz"]
[Site "Chess.com"]
[Date "2015.11.03"]
[Round "3"]
[White "Aygehovit1992"]
[Black "kikydu96"]
[Result "1-0"]
[WhiteElo "2470"]
[BlackElo "2222"]
[TimeControl "180+2"]
[EndTime "17:30:49 PST"]
[Termination "Aygehovit1992 won by resignation"]

1. e4 e5 2. Nf3 Nc6 3. Bb5 a6 4.
Ba4 Nf6 5. O-O Be7 6. d3 b5 7. Bb3 O-O 8. a4 b4 9. Nbd2 d6 10. a5 Nd4 11. Nxd4 exd4 12. h3 c5 13. f4 Bb7 14. Nf3 d5 15. e5 Nd7 16. f5 f6 17.
e6 Ne5 18. Bf4 Bd6 19. Re1 Qc7 20. Bd2 c4 21. Ba4 c3 22. Bc1 Nxf3+ 23. Qxf3 Be5 24. b3 Bc6 25. Bxc6 Qxc6 26. Bf4 Qd6 27. Rf1 Rfe8 28. g4 g5 29. Bxe5 Qxe5 30. Rae1 Qd6 31. Qf2 Qc5 32. h4 h6 33. hxg5 hxg5 34. Qh2 Ra7 35.
Qh6 Qe7 36. Qg6+ Kf8 37. Rf2 Qg7 38. Qh5 Qh7 39. Rh2 Qxh5 40. Rxh5 Kg7 41. Kf2 Raa8 42. Reh1 Rh8 43. Rxh8 1-0

[Event "*** Titled Tuesday 3|2 Blitz"]
[Site "Chess.com"]
[Date "2015.11.03"]
[Round "3"]
[White "Fh2411"]
[Black "ChadaevNikolay"]
[Result "0-1"]
[WhiteElo "2317"]
[BlackElo "2576"]
[TimeControl "180+2"]
[EndTime "17:30:59 PST"]
[Termination "ChadaevNikolay won by resignation"]

1. d4 Nf6 2. Nf3 g6 3. Bf4 Bg7 4. e3 O-O 5. Be2 d6 6. O-O Nc6 7. h3 Bf5 8. c4 Ne4 9. Bh2 a5 10. Nbd2 e5 11. d5 Nxd2 12. Qxd2 Ne7 13. Rac1 b6 14.
Ne1 Bd7 15. f4 exf4 16. exf4 Nf5 17. Nf3 Re8 18. Bd3 Qf6 19. b3 h6 20. Kh1 a4 21.
b4 a3 22. c5 bxc5 23. bxc5 Ne3 24. Rfe1 Nxd5 25. Bxg6 Qxg6 26. Qxd5 Be6 27. Qd2 Bb2 28. cxd6 Bxc1 29. Rxc1 cxd6 30. Nd4 Rac8 31. Rd1 Rb8 32. f5 Bxf5 33. Nxf5 Qxf5 34. Qxh6 Rb2 35. Bxd6 Rxa2 36. Rd4 Qf1+ 0-1

[Event "*** Titled Tuesday 3|2 Blitz"]
[Site "Chess.com"]
[Date "2015.11.03"]
[Round "3"]
[White "MMSANCHEZ"]
[Black "Kanthecarowin"]
[Result "1-0"]
[WhiteElo "2312"]
[BlackElo "2155"]
[TimeControl "180+2"]
[EndTime "17:31:06 PST"]
[Termination "MMSANCHEZ won by resignation"]

1. d4 Nf6 2. c4 g6 3. Nc3 Bg7 4. e4 d6 5. Nf3 O-O 6. h3 Nbd7 7. e5 dxe5 8. dxe5 Ne8 9. e6 fxe6 10. h4 Nd6 11. h5 g5 12. Nxg5 Ne5 13. Qc2 Rf5 14.
c5 Ndf7 15. Nxf7 Rxf7 16. Be3 Ng4 17. Rd1 Qf8 18. Bd3 Nxe3 19. fxe3 Bh6 20. Qe2 Bd7 21. Bc4 Bc8 22. Ne4 a5 23. g4 a4 24. g5 Bg7 25. g6 Rf3 26. Ng5 Rg3 27. Rf1 Bf6 28.
Nxh7 Qh6 29. Rd3 Ra5 30. Nxf6+ exf6 31. Qf2 Qg5 32. Rd8+ Kg7 33. Rxc8 Rxc5 34. b3 b5 35.
h6+ Kxh6 36. Qh2+ Qh5 37. Rh8+ 1-0

[Event "*** Titled Tuesday 3|2 Blitz"]
[Site "Chess.com"]
[Date "2015.11.03"]
[Round "3"]
[White "ilmago"]
[Black "Shivagami"]
[Result "0-1"]
[WhiteElo "1906"]
[BlackElo "1771"]
[TimeControl "180+2"]
[EndTime "17:31:40 PST"]
[Termination "Shivagami won by resignation"]

1. e4 Nc6 2. d4 e5 3. c3 Nf6 4. Qd3 d5 5. exd5 Qxd5 6. dxe5 Qxd3 7. Bxd3 Nxe5 8. Bb5+ c6 9. Be2 Bf5 10. Bf4 Bd6 11.
Bxe5 Bxe5 12. Nf3 Bd6 13. Nbd2 O-O-O 14. Nd4 Bg6 15. Nc4 Bc5 16. Nb3 Be7 17. O-O Rhe8 18.
Rfe1 Bf8 19. h3 Rxe2 20. Rxe2 Bd3 21. Rd2 Bxc4 22. Rxd8+ Kxd8 23. Na5 Bd5 24. Nxb7+ Kc7 25. Na5 Bc5 26. b4 Bb6 27. Nb3 Bc4 28. Nd2 Bd3 29. Re1 Nd5 30. c4 Nxb4 31. Re7+ Kd6 32. Rxf7 Bd4 33.
a3 Nc2 34. Rf3 Ne1 35. Rf4 Bc3 36. Ne4+ Bxe4 37. Rxe4 Nc2 38. a4 Nd4 39. c5+ Kxc5 40. Re7 Kb6 41. Rxg7 Ne2+ 42. Kf1 Bxg7 43. Kxe2 Ka5 0-1

[Event "*** Titled Tuesday 3|2 Blitz"]
[Site "Chess.com"]
[Date "2015.11.03"]
[Round "3"]
[White "jcibarra"]
[Black "TheLancer"]
[Result "1-0"]
[WhiteElo "2548"]
[BlackElo "2321"]
[TimeControl "180+2"]
[EndTime "17:31:41 PST"]
[Termination "jcibarra won by resignation"]

1. e4 c5 2. Nf3 g6 3. d4 cxd4 4. Nxd4 Bg7 5. Nc3 Nc6 6. Be3 Nf6 7. Bc4 O-O 8. Bb3 a5 9. O-O a4 10. Nxa4 Nxe4 11. Nb5 Ra6 12. Qe2 d6 13. c4 Bf5 14. Rad1 Qa5 15. f3 Nf6 16. Qf2 Nd7 17.
Rfe1 Be6 18. Nbc3 Nce5 19. Nd5 Bxd5 20. Rxd5 Qc7 21. Rc1 Rc6 22. Qe2 Rc8 23. c5 e6 24.
Rxd6 Bf8 25. Rxc6 Qxc6 26. f4 b5 27. cxb6 Qxc1+ 28. Bxc1 Rxc1+ 29. Kf2 Nc6 30. Qd2 Nc5 31. Nxc5 Bxc5+ 32. Kg3 Rf1 33. b7 Kg7 34. Ba4 Nd4 35. b8=Q Nf5+ 36. Kh3 Be3 37. Qe5+ Kh6 38. Qexe3 1-0

[Event "*** Titled Tuesday 3|2 Blitz"]
[Site "Chess.com"]
[Date "2015.11.03"]
[Round "3"]
[White "ArnaudovP"]
[Black "Alliswell998"]
[Result "0-1"]
[WhiteElo "2305"]
[BlackElo "2107"]
[TimeControl "180+2"]
[EndTime "17:31:42 PST"]
[Termination "Alliswell998 won by checkmate"]

1. Nf3 c5 2. c4 b6 3. d4 cxd4 4. Nxd4 Bb7 5. Nc3 Nf6 6. f3 e6 7. e4 d6 8. Be3 Be7 9. Be2 a6 10.
O-O Nbd7 11. a4 O-O 12. a5 bxa5 13. Nb3 Rb8 14. Nxa5 Ba8 15. Qd2 Nc5 16. Rfb1 Qc7 17. b4 Ncd7 18. b5 axb5 19. Nxb5 Qd8 20. Nb3 Bc6 21.
Nxd6 Qc7 22. Nb5 Qe5 23. Qd4 Qh5 24. Qd1 Rfd8 25. Qf1 Qh4 26. Qf2 Qh5 27. Rd1 Ne5 28.
Rxd8+ Rxd8 29. Na7 Bb7 30. c5 g5 31. Na5 Ba8 32. c6 Bd6 33. Nb7 Bxb7 34. cxb7 Neg4 35.
fxg4 Qxh2+ 36. Kf1 Nxe4 37. Qg1 Ng3+ 38. Kf2 Ne4+ 39.
Kf1 Ng3+ 40. Kf2 Ne4+ 41. Kf3 Qg3+ 42. Kxe4 Qe5+ 43. Kf3 Qg3+ 44. Ke4 Qe5+ 45. Kd3 Bb4+ 46. Kc4 Qc3+ 47. Kb5 Rd5+ 48. Ka4 Bd6 49. Nb5 Qb4# 0-1

[Event "*** Titled Tuesday 3|2 Blitz"]
[Site "Chess.com"]
[Date "2015.11.03"]
[Round "3"]
[White "Dlugy"]
[Black "Cryptochess"]
[Result "1-0"]
[WhiteElo "2576"]
[BlackElo "2416"]
[TimeControl "180+2"]
[EndTime "17:32:02 PST"]
[Termination "Dlugy won by resignation"]

1. d4 Nf6 2. c4 e6 3. Nf3 d5 4.
Nc3 Bb4 5. cxd5 exd5 6. Qa4+ Nc6 7. Bg5 O-O 8. e3 h6 9. Bxf6 Qxf6 10. Be2 Bd7 11.
Qb3 Qd6 12. O-O Bxc3 13. Qxc3 a5 14. Rfc1 a4 15. Qc5 Ra5 16. Qxd6 cxd6 17. Ne1 Rc8 18. Nd3 Kf8 19. Bf3 Ke7 20. Rc3 Na7 21. Rxc8 Nxc8 22. Rc1 Nb6 23. Rc7 Ra7 24. Nf4 Kd8 25.
Rc2 Ra5 26. g4 a3 27. b3 g5 28. Nd3 f6 29. Kg2 Be6 30. Kg3 Ra8 31. h4 Bg8 32.
Nb4 Kd7 33. Rc1 Ra5 34. Be2 Ra8 35. Bb5+ Kd8 36. Bd3 Rc8 37. Rxc8+ Kxc8 38. Nc2 Kc7 39.
Nxa3 Nc8 40. Nb5+ Kc6 41. Nc3 Ne7 42. f4 Be6 43. b4 Nc8 44. a4 Nb6 45. a5 Nc8 46. b5+ Kc7 47. Bc2 b6 48. a6 Na7 49.
Bb3 Kd8 50. Bxd5 Bxd5 51. Nxd5 Nxb5 52. Nxb6 Kc7 53. Nd5+ Kc6 54. Nxf6 gxh4+ 55. Kxh4 Nc3 56. Kg3 d5 57. Ng8 Nd1 58. Kf3 1-0

[Event "*** Titled Tuesday 3|2 Blitz"]
[Site "Chess.com"]
[Date "2015.11.03"]
[Round "3"]
[White "gauranga"]
[Black "chesstatour"]
[Result "0-1"]
[WhiteElo "1995"]
[BlackElo "1932"]
[TimeControl "180+2"]
[EndTime "17:32:11 PST"]
[Termination "chesstatour won by checkmate"]

1. b3 f5 2. Bb2 e6 3. d3 Nf6 4.
Nd2 d5 5. g3 b6 6. Bg2 Bb7 7. a3 Nbd7 8. c4 Bd6 9. Qc2 O-O 10. e4 dxe4 11. dxe4 Nc5 12. Ngf3 fxe4 13. Ng5 Nd3+ 14. Kf1 Nxf2 15. Nxe6 Qe7 16. Nxf8 Rxf8 17. Kxf2 Ng4+ 18. Ke1 Ne3 19. Qc3 Nxg2+ 20. Ke2 e3 21. Qxg7+ Qxg7 22. Bxg7 Kxg7 23. Nf1 Rf2+ 24. Kd3 e2 25.
Nd2 e1=Q 26. Raxe1 Nxe1+ 27. Rxe1 Rf7 28. b4 Bc8 29. Re2 Bf5+ 30. Kc3 Be7 31. Nb3 Bf6+ 32. Kd2 Rd7+ 33. Ke1 Bc3+ 34. Kf2 Rf7 35. Kg2 Bc8 36. h4 Bb7+ 37. Kh2 h5 38. c5 Rf1 39. g4 hxg4 40.
Re7+ Kf6 41. Rxc7 Be5# 0-1

[Event "*** Titled Tuesday 3|2 Blitz"]
[Site "Chess.com"]
[Date "2015.11.03"]
[Round "3"]
[White "kharposh"]
[Black "ItalianMachine"]
[Result "1/2-1/2"]
[WhiteElo "2085"]
[BlackElo "2256"]
[TimeControl "180+2"]
[EndTime "17:32:45 PST"]
[Termination "Game drawn by repetition"]

1. e4 e6 2. d4 d5 3. exd5 exd5 4. Bd3 Bd6 5. Nf3 c6 6. O-O Ne7 7. h3 O-O 8. c3 h6 9. Re1 Be6 10. Ne5 Qc7 11. Nd2 Nd7 12. Ndf3 c5 13. Nxd7 Bxd7 14. dxc5 Bxc5 15. Be3 Bxe3 16. Rxe3 Rfe8 17. Nd4 Nc6 18. Rxe8+ Rxe8 19. Bc2 Ne5 20. Bb3 Nc4 21. Qc2 Qf4 22. Rd1 b5 23. Ne2 Qe5 24. Bxc4 bxc4 25. Nd4 g6 26.
Nf3 Qh5 27. Re1 Rxe1+ 28. Nxe1 Qg5 29. Nf3 Qf4 30. Qd2 Qxd2 31. Nxd2 Kg7 32. Nf3 Kf6 33. Nd4 Ke5 34. f3 h5 35. h4 f6 36. g3 g5 37. Kf2 gxh4 38. gxh4 Kf4 39. Ne2+ Ke5 40. Ke3 Bf5 41. f4+ Kd6 42. Ng3 Bg4 43. Kd4 Kc6 44.
Nf1 Kd6 45. Ne3 Be6 46. b3 cxb3 47. axb3 Kc6 48. f5 Bf7 49. Ng2 a5 50. Nf4 Kd6 51. Ng6 Be8 52. Nf4 Bf7 53. Nd3 Be8 54. Nf4 Bf7 55. Nd3 Kc6 56. Nf4 Kd6 57. Nd3 Be8 58. Nf4 Bf7 1/2-1/2

[Event "*** Titled Tuesday 3|2 Blitz"]
[Site "Chess.com"]
[Date "2015.11.03"]
[Round "3"]
[White "AdrianaNikolova"]
[Black "jcgs1030"]
[Result "1-0"]
[WhiteElo "2216"]
[BlackElo "2134"]
[TimeControl "180+2"]
[EndTime "17:32:49 PST"]
[Termination "AdrianaNikolova won by resignation"]

1. e4 c5 2. Nf3 d6 3. d4 cxd4 4. Nxd4 Nf6 5. Nc3 g6 6. Be3 Bg7 7.
f3 O-O 8. Qd2 Nc6 9. Bc4 Bd7 10.
Bb3 Rc8 11. O-O-O Ne5 12. h4 h5 13. Bh6 Nc4 14. Bxc4 Rxc4 15. Bxg7 Kxg7 16. Qd3 Qc8 17.
g4 hxg4 18. h5 Nxh5 19. Rxh5 gxh5 20. Qd2 Rh8 21. Nd5 Kf8 22. Qg5 Qe8 23. Ne3 Rc5 24. Ndf5 Bxf5 25. Nxf5 Rxf5 26. exf5 f6 27. Qf4 gxf3 28.
Qxf3 h4 29. Qxb7 a5 30. Rg1 h3 31. b3 h2 32. Rh1 Qh5 33. Qa8+ Kg7 34. Qe4 e5 35.
fxe6 Qg5+ 36. Kb1 Qg1+ 37. Kb2 f5 38. Qb7+ Kh6 39. e7 Re8 40. Qc6 Kg7 41. Qxe8 Qxh1 42. Qf8+ Kh7 43. Qxf5+ Kg7 44. Qf8+ Kh7 45. Qf7+ Kh6 46.
Qf6+ Kh7 47. e8=Q 1-0

[Event "*** Titled Tuesday 3|2 Blitz"]
[Site "Chess.com"]
[Date "2015.11.03"]
[Round "3"]
[White "Noukii"]
[Black "SerGo055"]
[Result "1-0"]
[WhiteElo "2638"]
[BlackElo "2414"]
[TimeControl "180+2"]
[EndTime "17:32:52 PST"]
[Termination "Noukii won by resignation"]

1. d4 d5 2. c4 c6 3. Nc3 Nf6 4. Nf3 e6 5. Bg5 dxc4 6. e4 b5 7. e5 h6 8. Bh4 g5 9. exf6 gxh4 10. Ne5 Qxf6 11. a4 Bb4 12. g3 a6 13. Bg2 Ra7 14. O-O Rc7 15. Ne4 Qg7 16. Qh5 Nd7 17. f4 hxg3 18.
hxg3 Nf6 19. Nxf6+ Qxf6 20. Nxc6 Bd6 21. axb5 axb5 22.
Qxb5 O-O 23. Ne5 c3 24. bxc3 Rxc3 25. Rf3 Rxf3 26. Bxf3 Bxe5 27. dxe5 Qe7 28. Rd1 Qa7+ 29. Kg2 Qa2+ 30. Kh3 Ba6 31. Qc5 Be2 32. Qf2 Bc4 33. Qxa2 Bxa2 34. Rd7 Bb1 35. Bh5 Kg7 36. Re7 Bg6 37.
Bg4 h5 38. Bxe6 Rb8 39. Bxf7 Kf8 40. Bxg6 Kxe7 41. Bxh5 Rh8 42. g4 Ke6 43. Kg3 Rb8 44.
Bg6 Rb3+ 45. Kh4 Rf3 46. Kg5 Rf2 47. Bd3 Rf3 48. Bc4+ Ke7 49. f5 Rc3 50. f6+ Kf8 51. Be6 Rc6 52. Kf5 Rc3 53. Bd5 Rc5 54. Be4 Rc1 55. g5 Rf1+ 56. Ke6 Re1 57. Bh7 Rg1 58. g6 Rg5 59. g7+ Rxg7 60. fxg7+ Kxg7 61. Bd3 1-0

[Event "*** Titled Tuesday 3|2 Blitz"]
[Site "Chess.com"]
[Date "2015.11.03"]
[Round "3"]
[White "saraswathii"]
[Black "AlexanderL"]
[Result "0-1"]
[WhiteElo "1909"]
[BlackElo "2553"]
[TimeControl "180+2"]
[EndTime "17:32:58 PST"]
[Termination "AlexanderL won by resignation"]

1. e4 e6 2. d3 d5 3. Nd2 Nf6 4. Ngf3 Be7 5. g3 O-O 6. Bg2 Nc6 7. O-O dxe4 8. dxe4 e5 9. c3 a5 10. Qe2 Bc5 11.
Nc4 Qe7 12. Ne3 Rd8 13. Nh4 Be6 14. Nef5 Qd7 15. Bg5 Qd3 16. Qxd3 Rxd3 17. a3 Rad8 18. b4 Bb6 19. Rac1 axb4 20. axb4 R8d7 21. b5 Na5 22. Nh6+ gxh6 23. Bxf6 Nb3 24. Rc2 Rd2 25. Rxd2 Rxd2 26. Bxe5 Bc4 27. Rb1 Rxf2 28. Bd4 Bxd4 29. cxd4 Ra2 30.
d5 Nd4 31. Re1 Bxb5 32. Nf5 Nxf5 33. exf5 Kg7 34. Re7 Rc2 35. d6 cxd6 36. Bxb7 Kf6 37. Re1 Bc6 38. Bc8 Rg2+ 39. Kf1 Rxh2 40. Re3 h5 41.
Kg1 Rc2 42. Rd3 Ke5 43. Re3+ Be4 44. Bb7 d5 45. Re1 Kxf5 46. Kf1 Kg4 0-1

[Event "*** Titled Tuesday 3|2 Blitz"]
[Site "Chess.com"]
[Date "2015.11.03"]
[Round "3"]
[White "Izoria123"]
[Black "DeviatkinAndrey"]
[Result "1/2-1/2"]
[WhiteElo "2454"]
[BlackElo "2466"]
[TimeControl "180+2"]
[EndTime "17:34:16 PST"]
[Termination "Game drawn - insufficient material"]

1. d4 d5 2. Bf4 e6 3. e3 Nf6 4.
Nd2 Bd6 5. Bg3 c5 6. c3 Nc6 7.
Ngf3 Qe7 8. Ne5 Nd7 9. Nxd7 Bxd7 10. Bd3 e5 11. dxc5 Bxc5 12. e4 d4 13. O-O O-O 14. Qe2 Rad8 15. Rfd1 Be6 16. Nf3 f6 17. Bc4 dxc3 18.
bxc3 Rxd1+ 19. Rxd1 Rd8 20. Bd5 Bxd5 21. exd5 Na5 22.
h4 b6 23. h5 Nb7 24. Nh4 Nd6 25. Qf3 Qf7 26. Kh2 Re8 27. Nf5 Nxf5 28. Qxf5 Bd6 29.
c4 g6 30. hxg6 hxg6 31. Qf3 Qh7+ 32. Kg1 Qh5 33. Qxh5 gxh5 34. Kf1 Rc8 35. Ke2 Rxc4 36. Rh1 Ra4 37. Rxh5 Rxa2+ 38. Kf3 Rd2 39. Ke4 Kg7 40. Kf5 Rxd5 41. Ke6 Rd4 42. Bh4 Kg6 43. Rh8 Bc5 44. g3 Rd6+ 45. Ke7 Kf5 46. Kf7 Rd7+ 47. Ke8 Rb7 48. Rh6 Be7 49. Rh7 Rb8+ 50. Kd7 Bc5 51. Rh6 Rf8 52. f3 e4 53. fxe4+ Kxe4 54. Rxf6 Rxf6 55. Bxf6 a5 56. Kc6 a4 57. g4 a3 58. g5 Kd3 59. g6 Bf8 60.
Kxb6 Kc2 61. g7 Bxg7 62. Bxg7 a2 63. Kb5 a1=Q 64. Bxa1 1/2-1/2

[Event "*** Titled Tuesday 3|2 Blitz"]
[Site "Chess.com"]
[Date "2015.11.03"]
[Round "3"]
[White "Malev212"]
[Black "ZEN-22"]
[Result "1-0"]
[WhiteElo "2294"]
[BlackElo "2162"]
[TimeControl "180+2"]
[EndTime "17:34:22 PST"]
[Termination "Malev212 won by checkmate"]

1. d4 d6 2. Nf3 Nd7 3. c4 e5 4.
Nc3 Ngf6 5. e4 g6 6. Be2 Bg7 7. O-O exd4 8. Nxd4 O-O 9. Kh1 Re8 10.
f3 c6 11. Nc2 Qe7 12. Bg5 h6 13. Bh4 g5 14. Bf2 Ne5 15. Re1 Be6 16. Ne3 Rad8 17. Qc2 a6 18. Rad1 Nh5 19. Bf1 Nf4 20. a4 g4 21. Bg3 Nh5 22. f4 Nxg3+ 23. hxg3 Nd7 24.
f5 Be5 25. Qf2 Qg5 26. Ne2 Nc5 27. fxe6 fxe6 28. Nxg4 Qxg4 29. Qf3 Qxe4 30. b4 Qxf3 31. gxf3 Nxa4 32. f4 Bg7 33. Bh3 Nb2 34. Rd4 Bxd4 35. Nxd4 Nxc4 36. Rxe6 Kg7 37. Nf5+ Kf8 38. Rxh6 Re1+ 39.
Kh2 Rde8 40. Bg4 R8e2+ 41. Bxe2 Rxe2+ 42. Kh3 d5 43. g4 Re1 44. Rf6+ Ke8 45. g5 Rg1 46. g6 Nd2 47. g7 Kd7 48. Rf8 Ke6 49. Nd4+ Kd6 50. g8=Q Rxg8 51. Rxg8 Ne4 52. Rg6+ Kc7 53.
Kg4 Nf2+ 54. Kf3 Nd3 55. Ne6+ Kb6 56. Nc5 Nxb4 57. Na4+ Ka5 58. Nb2 d4 59. f5 Nd5 60.
f6 Nxf6 61. Rxf6 b5 62. Rxc6 Kb4 63. Rxa6 Kc3 64. Rb6 b4 65. Nd1+ Kb3 66. Ke2 Kc4 67.
Kd2 Kc5 68. Rb8 Kc4 69. Nb2+ Kb3 70. Nd3 Ka3 71. Rxb4 Ka2 72. Kc2 Ka3 73. Rxd4 Ka2 74. Ra4# 1-0